 Dungeon Crawl Stone Soup version 0.23-a0-844-gdc03e01 (webtiles) character file.

9541 Mgcat the Cleaver (level 11, 0/96 HPs)
             Began as a Naga Fighter on Jan 26, 2019.
             Was a High Priest of Cheibriados.
             Slain by a cyclops (24 damage)
             ... on level 9 of the Dungeon.
             The game lasted 00:28:30 (10604 turns).

Mgcat the Cleaver (Naga Fighter)                   Turns: 10604, Time: 00:28:30

Health: 0/96       AC: 13    Str: 39    XL:     11   Next: 48%
Magic:  15/15      EV:  9    Int: 21    God:    Cheibriados [*****.]
Gold:   624        SH: 13    Dex: 25    Spells: 10/10 levels left

rFire    + . .     SeeInvis +   a - +0 war axe
rCold    . . .     Gourm    .   c - +0 shield
rNeg     + . .     Faith    .   C - +3 scale mail {rN+}
rPois    +         Spirit   .   n - +2 helmet
rElec    .         Reflect  .   (no cloak)
rCorr    .         Harm     .   (no gloves)
MR       +....                  (no barding)
Stlth    +.........             (no amulet)
HPRegen  0.26/turn              k - ring of protection from fire {rF+, !d}
MPRegen  0.14/turn              (no ring)

@: mighty, about to teleport, very slow
A: large, see invisible, deformed body, poison resistance, slowness 2, slow
metabolism 1, spit poison 1, AC +3
a: Spit Poison, Bend Time, Temporal Distortion, Slouch, Step From Time, Renounce
Religion


You were on level 9 of the Dungeon.
You worshipped Cheibriados.
Cheibriados was extremely pleased with you.
You were not hungry.

You visited 2 branches of the dungeon, and saw 10 of its levels.
You also visited: Sewer.

You collected 660 gold pieces.
You spent 36 gold pieces at shops.

Inventory:

Hand Weapons
 a - a +0 war axe (weapon)
Missiles
 g - 274 stones (quivered)
 h - 4 tomahawks
 m - 8 javelins
 x - a throwing net {=f, !d}
Armour
 c - a +0 shield (worn)
 n - a +2 helmet (worn)
   (You took it off Robin on level 2 of the Dungeon)
 C - a +3 scale mail of positive energy (worn)
   (You found it on level 8 of the Dungeon)
Jewellery
 k - a ring of protection from fire (left hand) {rF+, !d}
   (You found it on level 5 of the Dungeon)
Wands
 l - a wand of flame (30)
   (You took it off Sigmund on level 3 of the Dungeon)
 w - a wand of polymorph (10)
   (You found it on level 6 of the Dungeon)
 y - a wand of iceblast (8)
   (You found it on level 7 of the Dungeon)
Scrolls
 d - 2 scrolls of magic mapping {!r}
 e - 4 scrolls of teleportation
 q - 3 scrolls of remove curse
 u - 2 scrolls of amnesia
 v - 5 scrolls of identify
 B - a scroll of enchant armour
Potions
 i - 2 potions of heal wounds
 j - a potion of berserk rage {unknown}
 o - 3 potions of curing
 p - 2 potions of lignification {!q}
 r - a potion of mutation {!q}
 s - a potion of magic
 t - a potion of cancellation
Miscellaneous
 A - a box of beasts
Comestibles
 b - 3 chunks of flesh {@w0}
 f - 21 rations


   Skills:
 - Level 5.2 Fighting
 - Level 14.1 Axes
 + Level 3.9 Armour
 + Level 2.9 Dodging
 + Level 4.0 Shields
 + Level 6.5 Invocations


You had 10 spell levels left.
You didn't know any spells.
Your spell library contained the following spells:

 Spells                   Type           Power        Failure   Level  Hunger
 Confusing Touch          Hex            #.....       67%         1    ##.....
 Magic Dart               Conj           #...         67%         1    ##.....
 Sandblast                Erth           #.....       67%         1    ##.....
 Blink                    Tloc           N/A          80%         2    ###....
 Call Imp                 Summ           #.......     80%         2    ###....
 Passwall                 Tmut/Erth      #.......     80%         2    ###....
 Slow                     Hex            #.......     80%         2    ###....
 Confuse                  Hex            #.......     95%         3    ####...
 Conjure Flame            Conj/Fire      #.......     95%         3    ####...
 Gell's Gravitas          Tloc           #.........   95%         3    ####...
 Mephitic Cloud           Conj/Pois/Air  #.......     95%         3    ####...
 Stone Arrow              Conj/Erth      #.....       95%         3    ####...
 Petrify                  Tmut/Erth      #.......     100%        4    #####..
 Lee's Rapid Deconstruct  Erth           #.........   100%        5    ######.
 Metabolic Englaciation   Hex/Ice        #.........   100%        5    ######.
 Yara's Violent Unravell  Hex/Tmut       #.........   100%        5    ######.


Dungeon Overview and Level Annotations

Branches:
Dungeon (9/15)             Temple (1/1) D:5            Lair (0/6) D:8
    Orc: D:9-12

Altars:
Ashenzari
Cheibriados
Dithmenos
Elyvilon
Fedhas
Hepliaklqana
Kikubaaqudgha
Makhleb
Nemelex Xobeh
Okawaru
Qazlal
Sif Muna
Trog
Uskayaw
Wu Jian
Zin
The Shining One

Shops:
D:7 }   D:8 !


Innate Abilities, Weirdness & Mutations

You cannot wear boots.
Your serpentine skin is tough. (AC +3)
You have supernaturally acute eyesight. (SInv)
Armour fits poorly on your strangely shaped body.
Your system is resistant to poisons. (rPois)
You cover ground very slowly.
You have a slow metabolism.
You can spit poison.


Message History

Unknown command.
Warning x3: The worker ant simulacrum can hit for high damage in melee!
The centaur warrior is fast and can hit for moderate damage at range!
The centaur warrior can hit for high damage at range!
Unknown command.
Warning x3: The worker ant simulacrum can hit for high damage in melee!
The centaur warrior is fast and can hit for moderate damage at range!
The centaur warrior can hit for high damage at range!
You slash the centaur warrior!
The centaur warrior is moderately wounded.
The centaur warrior hits you but does no damage.
Warning x3: The worker ant simulacrum can hit for high damage in melee!
The centaur warrior is fast and can hit for moderate damage at range!
The centaur warrior can hit for high damage at range!
Unknown command.
Warning x3: The worker ant simulacrum can hit for high damage in melee!
The centaur warrior is fast and can hit for moderate damage at range!
The centaur warrior can hit for high damage at range!
You closely miss the centaur warrior.
The centaur warrior is moderately wounded.
The centaur warrior hits you but does no damage.
Warning x3: The worker ant simulacrum can hit for high damage in melee!
The centaur warrior is fast and can hit for moderate damage at range!
The centaur warrior can hit for high damage at range!
Unknown command.
Warning x3: The worker ant simulacrum can hit for high damage in melee!
The centaur warrior is fast and can hit for moderate damage at range!
The centaur warrior can hit for high damage at range!
You feel very mighty all of a sudden. You block the centaur warrior's attack.
Warning x3: The worker ant simulacrum can hit for high damage in melee!
The centaur warrior is fast and can hit for moderate damage at range!
The centaur warrior can hit for high damage at range!
Your shield prevents you from hitting the centaur warrior.
The centaur warrior is moderately wounded.
You block the centaur warrior's attack.
Warning x3: The worker ant simulacrum can hit for high damage in melee!
The centaur warrior is fast and can hit for moderate damage at range!
The centaur warrior can hit for high damage at range!
You hit the centaur warrior.
The centaur warrior is moderately wounded.
The centaur warrior hits you but does no damage.
The centaur warrior hits you with an uncursed staff of cold!
The centaur warrior freezes you!
* * * LOW HITPOINT WARNING * * *
You take 15 damage, and have 22/96 hp.
Warning x3: The worker ant simulacrum can hit for high damage in melee!
The centaur warrior is fast and can hit for moderate damage at range!
The centaur warrior can hit for high damage at range!
You slash the centaur warrior!
The centaur warrior is heavily wounded.
The centaur warrior barely misses you.
Warning x3: The worker ant simulacrum can hit for high damage in melee!
The centaur warrior is fast and can hit for moderate damage at range!
The centaur warrior can hit for high damage at range!
You slash the centaur warrior!
The centaur warrior is almost dead.
The centaur warrior hits you with an uncursed staff of cold.
* * * LOW HITPOINT WARNING * * *
The centaur warrior freezes you!
* * * LOW HITPOINT WARNING * * *
You take 7 damage, and have 15/96 hp.
Warning x3: The worker ant simulacrum can hit for high damage in melee!
The centaur warrior is fast and can hit for moderate damage at range!
The centaur warrior can hit for high damage at range!
You feel much better. You block the centaur warrior's attack.
You regained 26 hp, and now have 41/96 hp.
Warning x3: The worker ant simulacrum can hit for high damage in melee!
The centaur warrior is fast and can hit for moderate damage at range!
The centaur warrior can hit for high damage at range!
You barely miss the centaur warrior.
The centaur warrior is almost dead.
You block the centaur warrior's attack.
Warning x3: The worker ant simulacrum can hit for high damage in melee!
The centaur warrior is fast and can hit for moderate damage at range!
The centaur warrior can hit for high damage at range!
You slash the centaur warrior!
You kill the centaur warrior!
Cheibriados thoroughly appreciates the change of pace.
You slice the worker ant simulacrum!!
The worker ant simulacrum vapourises!
Cheibriados appreciates the change of pace.
A salamander comes into view.
You start resting.
The salamander is too close now for your liking.
You slash the salamander!
The salamander is moderately wounded.
The salamander hits you but does no damage.
You slice the salamander!!
The salamander is heavily wounded.
You hear a shout! x2
The salamander hits you but does no damage.
Some of the chunks of flesh in your inventory have rotted away.
You hit the salamander but do no damage.
The salamander is heavily wounded.
The salamander hits you but does no damage.
You slash the salamander!
The salamander is severely wounded.
You block the salamander's attack.
You slash the salamander!
The salamander is almost dead.
The salamander hits you.
You are engulfed in flames!
You resist.
You take 10 damage, and have 34/96 hp.
You barely miss the salamander.
The salamander is almost dead.
The salamander hits you.
You are engulfed in flames.
You resist.
You take 4 damage, and have 30/96 hp.
You slash the salamander!
You kill the salamander!
Cheibriados thoroughly appreciates the change of pace.
The salamander's shape twists and changes as it dies.
Your Shields skill increases to level 4!
A cyclops comes into view.
Spoiler Alert: The cyclops can throw large rocks!
You hit the cyclops but do no damage. The cyclops hits you!!
* * * LOW HITPOINT WARNING * * *
You take 25 damage, and have 5/96 hp.
MASSIVE DAMAGE!!
Unknown command.
Unknown command.
Unknown command.
Spoiler Alert: The cyclops can throw large rocks!
Unknown command.
As you read the scroll of teleportation, it crumbles to dust.
You feel strangely unstable.
You feel much better. The cyclops hits you!!
You die...

.....#.#.#.####
###..###......#.#
##.#.#.##.##
#.###..###....#..
.....#.####
#...###..###..#..
##...###
###.....'....#..#..
#...#
..#...###..###.....
#...# . #.#.###..###
#..#.# #...###...
#.###..### #....#
##....###..###(#..###
#....# #
##.....###...(@###
#....# #
#####...###.C##
#..... #
###...###...Y.cZ
#...#. #
###...#######H #.....
# ###....### #...## #
####...### #...# #
#.#...### #...# #
###.###...####...# #
#................##


You could see a cyclops.

Vanquished Creatures
  A centaur warrior (D:9)
  3 two-headed ogres
  A deep elf mage (D:8)
  A salamander (shapeshifter) (D:9)
  An elephant (D:8)
  3 hippogriffs
  Sigmund (D:3)
  A yak (D:9)
  A spriggan (D:8)
  A basilisk (D:8)
  2 hungry ghosts
  Edmund (D:5)
  A water moccasin (D:9)
  Duvessa (D:5)
  2 sky beasts
  A hornet zombie (D:9)
  2 orc warriors (D:9)
  3 ice beasts
  2 black bears
  5 ogres
  An eye of draining (D:8)
  A necrophage (D:5)
  2 centaurs
  2 crocodiles
  4 bullfrogs
  A gnoll sergeant (D:6)
  Dowan (D:5)
  4 wights (D:6)
  4 killer bees (D:7)
  A howler monkey (D:9)
  4 crimson imps
  2 centaur zombies (D:6)
  3 centaur skeletons
  A quasit (D:6)
  A bullfrog zombie (D:6)
  2 bullfrog skeletons
  4 jellies
  4 orc priests
  4 hounds
  3 orc wizards
  7 worker ants
  A killer bee zombie (D:6)
  5 hound zombies (D:6)
  4 hound skeletons
  3 howler monkey zombies (D:6)
  Robin (D:2)
  7 gnolls
  A howler monkey skeleton (D:6)
  11 adders
  3 shadow imps
  A worker ant simulacrum (D:9)
  3 oozes
  An adder skeleton (D:4)
  2 adder zombies (D:6)
  A worm (D:3)
  3 dart slugs
  8 leopard geckos
  29 orcs
  4 ball pythons
  7 giant cockroaches
  12 goblins
  9 hobgoblins
  4 jackals (D:7)
  10 kobolds
  4 quokkas
  9 bats
  10 frilled lizards
  A jackal skeleton (D:4)
  A jackal zombie (D:6)
  2 leopard gecko skeletons
  2 leopard gecko zombies (D:6)
  2 quokka skeletons
  A quokka zombie (D:6)
  6 rats
258 creatures vanquished.

Notes
Turn   | Place    | Note
-------+----------+-------------------------------------------
     0 | D:1      | Mgcat the Naga Fighter began the quest for the Orb.
     0 | D:1      | Reached XP level 1. HP: 21/21 MP: 1/1
   192 | D:1      | Reached XP level 2. HP: 20/28 MP: 2/2
  1240 | D:2      | Noticed Robin
  1265 | D:2      | Reached XP level 3. HP: 33/34 MP: 3/3
  1383 | D:2      | Reached skill level 3 in Axes
  1394 | D:2      | Killed Robin
  1400 | D:2      | Reached skill level 4 in Fighting
  1400 | D:2      | Reached XP level 4. HP: 19/44 MP: 4/4
  1954 | D:3      | Noticed Sigmund
  1964 | D:3      | HP: 9/45 [Sigmund/+3 scythe of protection (12)]
  1965 | D:3      | Killed Sigmund
  1965 | D:3      | Reached skill level 5 in Fighting
  1965 | D:3      | Reached skill level 4 in Axes
  1965 | D:3      | Reached XP level 5. HP: 11/52 MP: 5/5
  1965 | D:3      | Reached XP level 6. HP: 13/61 MP: 6/6
  2312 | D:3      | Reached skill level 5 in Axes
  2361 | D:3      | Found a blossoming altar of Fedhas.
  2680 | D:3      | HP: 5/61 [ogre/+0 giant club (16)]
  2681 | D:3      | Reached XP level 7. HP: 5/67 MP: 7/7
  3046 | D:3      | Reached skill level 6 in Axes
  3255 | D:4      | Found a glowing drain.
  3294 | Sewer    | Entered a sewer
  3841 | D:4      | Reached skill level 7 in Axes
  3851 | D:4      | Found a sparkling altar of Nemelex Xobeh.
  4082 | D:4      | Found a burning altar of Makhleb.
  4264 | D:5      | Entered Level 5 of the Dungeon
  4326 | D:5      | Found a staircase to the Ecumenical Temple.
  4339 | Temple   | Entered the Ecumenical Temple
  4443 | Temple   | Became a worshipper of Cheibriados the Contemplative
  4486 | D:5      | Noticed Duvessa
  4486 | D:5      | Noticed Dowan
  4516 | D:5      | Killed Duvessa
  4516 | D:5      | Reached skill level 8 in Axes
  4516 | D:5      | Reached XP level 8. HP: 33/74 MP: 8/8
  4521 | D:5      | Killed Dowan
  4792 | D:5      | Found a glowing golden altar of the Shining One.
  5573 | D:5      | Noticed Edmund
  5590 | D:5      | Killed Edmund
  5590 | D:5      | Reached skill level 9 in Axes
  5592 | D:5      | Reached * piety under Cheibriados
  6013 | D:6      | Reached skill level 10 in Axes
  6020 | D:6      | Reached ** piety under Cheibriados
  6079 | D:6      | Reached XP level 9. HP: 81/81 MP: 9/9
  6469 | D:6      | Reached skill level 11 in Axes
  6858 | D:6      | Reached *** piety under Cheibriados
  7363 | D:7      | Reached **** piety under Cheibriados
  7363 | D:7      | Reached skill level 12 in Axes
  7586 | D:7      | Found Tyipna's Gadget Shop.
  7694 | D:7      | Found a deep blue altar of Sif Muna.
  8121 | D:8      | Noticed a two-headed ogre
  8242 | D:8      | Found Riuxtiyr's Distillery.
  8245 | D:8      | Bought a potion of lignification for 36 gold pieces
  8261 | D:8      | Reached skill level 1 in Invocations
  8280 | D:8      | Noticed an elephant
  8292 | D:8      | Killed an elephant
  8292 | D:8      | Reached skill level 3 in Invocations
  8292 | D:8      | Reached XP level 10. HP: 55/88 MP: 7/12
  8469 | D:8      | Found a staircase to the Lair.
  8536 | D:8      | HP: 22/88 [two-headed ogre/+0 giant club (14)]
  8538 | D:8      | Killed a two-headed ogre
  8538 | D:8      | Reached skill level 13 in Axes
  8538 | D:8      | Reached skill level 4 in Invocations
  8918 | D:8      | Reached skill level 5 in Invocations
  8969 | D:8      | Noticed a two-headed ogre
  8975 | D:8      | Killed a two-headed ogre
  8975 | D:8      | Reached ***** piety under Cheibriados
  9138 | D:8      | Found a white marble altar of Elyvilon.
  9138 | D:8      | Found a glowing silver altar of Zin.
  9174 | D:8      | Found a stormy altar of Qazlal.
  9239 | D:8      | Found an ancient bone altar of Kikubaaqudgha.
  9248 | D:8      | Noticed a deep elf mage
  9268 | D:8      | Killed a deep elf mage
  9268 | D:8      | Reached skill level 14 in Axes
  9502 | D:9      | Noticed a two-headed ogre
  9510 | D:9      | Killed a two-headed ogre
  9510 | D:9      | Reached skill level 3 in Armour
  9510 | D:9      | Reached skill level 1 in Dodging
  9510 | D:9      | Reached skill level 3 in Shields
  9510 | D:9      | Reached XP level 11. HP: 61/96 MP: 13/15
  9787 | D:9      | Found a hide-covered altar of Uskayaw.
  9984 | D:9      | Noticed a +0 dagger
  9984 | D:9      | Noticed a +0 hand axe
  9988 | D:9      | Noticed an orc high priest
  9992 | D:9      | Noticed a manticore
 10010 | D:9      | Paralysed by fainting for 11 turns
 10023 | D:9      | Reached skill level 2 in Dodging
 10061 | D:9      | Reached skill level 6 in Invocations
 10414 | D:9      | Noticed a shining eye
 10515 | D:9      | Found a runed door.
 10565 | D:9      | Noticed a centaur warrior
 10585 | D:9      | HP: 22/96 [centaur warrior/uncursed staff of cold (9)]
 10590 | D:9      | Killed a centaur warrior
 10591 | D:9      | Noticed a salamander
 10601 | D:9      | Killed a salamander
 10601 | D:9      | Reached skill level 4 in Shields
 10601 | D:9      | Noticed a cyclops
 10602 | D:9      | HP: 5/96 [cyclops (25)]
 10604 | D:9      | Slain by a cyclops

Vault maps used:
D:1:      scummos_arrival_simple_fountains, grunt_decor_fettered,
          kennysheep_another_room, minmay_misc_feat_pillars
D:2:      minmay_crystal_water, uniq_robin
D:3:      nicolae_overflow_crystal_walls, serial_bayou_lagoon_a, st_stairs_3,
          feat_on_display, uniq_sigmund
D:4:      lemuel_doored_altar, lightli_temple_of_fire, portal_sewer_entry_f,
          first_ration
D:5:      lemuel_round_altar, minmay_temple_entry_mist, uniq_duvessa,
          uniq_edmund
D:6:      serial_undead, serial_undead_f, serial_undead_a, serial_undead_a,
          serial_undead_a, serial_undead_f, serial_undead_a, serial_undead_b
D:7:      lemuel_blue_sif_altar, serial_shops, kennysheep_mini
D:8:      cheibrodos_elevator_heist, gammafunk_temple_overflow_pools,
          david_lair_generic, basic_altar, serial_shops,
          nicolae_shop_behind_doors, grunt_pizzeria, david_defended_altar_elf
D:9:      minmay_the_grid_triangle_9x9_rhombus_thin, dancing_weapons_uskayaw,
          onia_ninara_dug_in_and_dangerous
Temple:   dpeg_chambers_temple
Sewer:    sewer_frog_island_01

Skill      XL: |  1  2  3  4  5  6  7  8  9 10 11 |
---------------+----------------------------------+-----
Axes           | 3 4 5 8 10 12 14 | 14.1
Fighting       | 4 5 |  5.2
Invocations    | 3 5 6 |  6.5
Armour         | 3 |  3.9
Dodging        | 1 2 |  2.9
Shields        | 3 4 |  4.0

Action                   |  1- 3 |  4- 6 |  7- 9 | 10-12 || total
-------------------------+-------+-------+-------+-------++-------
Melee: War axe           |   115 |    99 |   487 |   251 ||   952
Throw: Stone             |     4 |       |     5 |     4 ||    13
Invok: Bend Time         |       |       |     1 |       ||     1
 Abil: Spit Poison       |       |     9 |    21 |    19 ||    49
Evoke: Wand              |       |       |       |     2 ||     2
       Box of beasts     |       |       |       |     1 ||     1
  Use: Potion            |       |     1 |     3 |     4 ||     8
       Scroll            |       |       |    16 |     4 ||    20
 Stab: Invisible         |       |       |     5 |       ||     5
  Eat: Chunk             |     1 |     4 |    12 |     5 ||    22
       Ration            |       |       |     1 |     2 ||     3
Armor: Scale mail        |    34 |    48 |   232 |   111 ||   425
Dodge: Dodged            |    30 |    26 |    98 |    49 ||   203
Block: Shield            |    55 |    51 |   249 |   103 ||   458

Table legend:
 A = Non-vault XP
 B = Vault XP
 C = Vault XP percentage of total XP
 D = Non-vault monster count
 E = Vault monster count
 F = Vault count percentage of total count
                 A         B        C        D         E       F
            +---------+---------+-------+---------+---------+-------
      Total |    8011 |    5619 |  41.2 |     174 |      84 |  32.6
            +---------+---------+-------+---------+---------+-------
        D:1 |      22 |       0 |   0.0 |      13 |       0 |   0.0
        D:2 |      90 |      38 |  29.7 |      19 |      12 |  38.7
        D:3 |     277 |     230 |  45.4 |      23 |       3 |  11.5
        D:4 |     278 |      11 |   3.8 |      18 |       5 |  21.7
        D:5 |     431 |     385 |  47.2 |      18 |       3 |  14.3
        D:6 |    1026 |     486 |  32.1 |      21 |      24 |  53.3
        D:7 |     457 |       0 |   0.0 |      16 |       0 |   0.0
        D:8 |    2704 |    2054 |  43.2 |      21 |      11 |  34.4
        D:9 |    2726 |    2280 |  45.5 |      25 |       9 |  26.5
      Sewer |       0 |     135 | 100.0 |       0 |      17 | 100.0
            +---------+---------+-------+---------+---------+-------

Vault maps used:
D:1:      scummos_arrival_simple_fountains, grunt_decor_fettered,
          kennysheep_another_room, minmay_misc_feat_pillars
D:2:      minmay_crystal_water, uniq_robin
D:3:      nicolae_overflow_crystal_walls, serial_bayou_lagoon_a, st_stairs_3,
          feat_on_display, uniq_sigmund
D:4:      lemuel_doored_altar, lightli_temple_of_fire, portal_sewer_entry_f,
          first_ration
D:5:      lemuel_round_altar, minmay_temple_entry_mist, uniq_duvessa,
          uniq_edmund
D:6:      serial_undead, serial_undead_f, serial_undead_a, serial_undead_a,
          serial_undead_a, serial_undead_f, serial_undead_a, serial_undead_b
D:7:      lemuel_blue_sif_altar, serial_shops, kennysheep_mini
D:8:      cheibrodos_elevator_heist, gammafunk_temple_overflow_pools,
          david_lair_generic, basic_altar, serial_shops,
          nicolae_shop_behind_doors, grunt_pizzeria, david_defended_altar_elf
D:9:      minmay_the_grid_triangle_9x9_rhombus_thin, dancing_weapons_uskayaw,
          onia_ninara_dug_in_and_dangerous
Temple:   dpeg_chambers_temple
Sewer:    sewer_frog_island_01

Table legend:
 A = Turns spent in this place as a percentage of turns spent in the entire game.
 B = Non-inter-level travel turns spent in this place as a percentage of non-inter-level travel turns spent in the entire game.
 C = Inter-level travel turns spent in this place as a percentage of turns spent in this place.
 D = Turns resting spent in this place as a percentage of non-inter-level travel turns spent in this place.
 E = Turns spent auto-exploring this place as a percentage of non-inter-level travel turns spent in this place.
 F = Non-inter-level travel turns spent in this place divided by the number of levels of this place that you've seen.
                   A       B       C       D       E      F
               +-------+-------+-------+-------+-------+----------------------
         Total | 100.0 | 100.0 |   5.2 |  20.9 |  59.6 | 914.1
       Dungeon |  96.2 |  96.3 |   5.1 |  21.7 |  59.5 | 1075.8
        Temple |   1.2 |   1.1 |  18.9 |   0.0 |  91.6 | 107.0
         Sewer |   2.5 |   2.6 |   0.0 |   0.0 |  51.9 | 266.0
               +-------+-------+-------+-------+-------+----------------------

Table legend:
 A = Kills in this place as a percentage of kills in entire the game.
 B = Kills by you in this place as a percentage of kills by you in the entire game.
 C = Kills by friends in this place as a percentage of kills by friends in the entire game.
 D = Other kills in this place as a percentage of other kills in the entire game.
 E = Experience gained in this place as a percentage of experience gained in the entire game.
 F = Experience gained in this place divided by the number of levels of this place that you have seen.
                   A       B       C       D       E      F
               +-------+-------+-------+-------+-------+----------------------
         Total | 100.0 | 100.0 |   N/A |   N/A | 100.0 | 1239.1
       Dungeon |  93.4 |  93.4 |   N/A |   N/A |  99.0 | 1499.4
         Sewer |   6.6 |   6.6 |   N/A |   N/A |   1.0 | 135.0
               +-------+-------+-------+-------+-------+----------------------
